 Dungeon Crawl Stone Soup version 0.19-a0-721-gd1b5c2a (webtiles) character file.

2286 TheGoonsmith the Destroyer (level 9, -4/45 HPs)
             Began as a Tengu Air Elementalist on June 21, 2016.
             Slain by a giant frog (9 damage)
             ... on level 7 of the Dungeon.
             The game lasted 00:14:29 (6337 turns).

TheGoonsmith the Destroyer (Tengu Air Elementalist) Turns: 6337, Time: 00:14:30

Health: -4/45      AC:  2    Str: 12    XL:     9   Next: 39%
Magic:  1/27       EV: 12    Int: 18    God:
Gold:   47         SH:  0    Dex: 14    Spells: 5 memorised, 5 levels left

rFire  . . .     SeeInvis .     m - +1 quarterstaff
rCold  + . .     Gourm    .     y - +0 robe {rC+}
rNeg   . . .     Faith    .     (shield currently unavailable)
rPois  +         Spirit   .     (helmet restricted)
rElec  .         Dismiss  .     (no cloak)
rCorr  .         Reflect  .     (no gloves)
SustAt .         Harm     .     (boots unavailable)
MR     .....                    (no amulet)
Stlth  ++........               B - ring of poison resistance
                                o - ring of magical power

@: repel missiles, not resistant to hostile enchantments, unstealthy
A: antennae 1, beak, talons 3, strong 1, able to fly 1
a: Fly


You were on level 7 of the Dungeon.
You were not hungry.

You visited 1 branch of the dungeon, and saw 7 of its levels.

You collected 355 gold pieces.
You spent 308 gold pieces at shops.

Inventory:

Hand Weapons
 f - a +1 dagger of flaming
 m - a +1 quarterstaff (weapon)
Armour
 a - a +1 robe
 d - a +0 buckler
 y - a +0 robe of cold resistance (worn)
Jewellery
 o - a ring of magical power (left hand)
 w - an uncursed ring of stealth
 B - a ring of poison resistance (right hand)
Wands
 t - a wand of random effects (48/48)
 z - a wand of enslavement (10/24)
 C - a wand of iceblast (7/15)
Scrolls
 g - 3 scrolls of teleportation
 k - a scroll of magic mapping
 n - 2 scrolls of identify
 x - a scroll of amnesia
Potions
 e - a potion of lignification {unknown}
 h - 2 potions of brilliance
 j - 3 potions of degeneration
 l - 2 potions of curing
 q - 2 potions of flight {unknown}
 r - a potion of cancellation {unknown}
 s - 2 potions of invisibility
 u - 2 potions of heal wounds
 v - 2 potions of agility
Books
 b - a book of Air

   Spells                             Type                      Level
   a - Shock                          Conjuration/Air              1
   b - Swiftness                      Charms/Air                   2
   c - Repel Missiles                 Charms/Air                   2
   d - Static Discharge               Conjuration/Air              3
   e - Lightning Bolt                 Conjuration/Air              5
Comestibles
 c - 7 bread rations
 i - 2 meat rations
 p - a slice of pizza
 A - 4 chunks of flesh


   Skills:
 - Level 2.1 Dodging
 - Level 2.0 Stealth
 + Level 5.3 Spellcasting
 * Level 10.6 Conjurations
 * Level 10.3 Air Magic


You had 5 spell levels left.
You knew the following spells:

 Your Spells              Type           Power        Failure   Level  Hunger
a - Shock                 Conj/Air       ####         1%          1    None
e - Swiftness             Chrm/Air       ###.....     2%          2    #......
f - Lightning Bolt        Conj/Air       #####.....   6%          5    ######.
r - Repel Missiles        Chrm/Air       ###...       2%          2    #......
s - Static Discharge      Conj/Air       #####...     1%          3    ##.....


Dungeon Overview and Level Annotations

Branches:
Dungeon (7/15)
 Temple: D:4-7

Altars:
Cheibriados
Dithmenos
Hepliaklqana
Kikubaaqudgha
Pakellas
Ru
Trog
Uskayaw

Shops:
D:6 !(


Innate Abilities, Weirdness & Mutations

You have a beak for a mouth.
You have claws for feet.
You can fly.
You have a pair of small antennae on your head.
Your muscles are strong. (Str +2)


Message History

Aiming: Shock
Press: ? - help, Shift-Dir - straight line The zap hits the giant frog.
You kill the giant frog!
The zap hits the howler monkey.
The howler monkey is lightly wounded.
The zap hits the crimson imp.
The crimson imp is heavily wounded.
The zap hits the crimson imp.
You kill the crimson imp!
The giant frog hits you. The giant frog completely misses you.
You hit the howler monkey.
You claw the howler monkey, but do no damage.
The howler monkey is moderately wounded.
The howler monkey hits you. The giant frog hits you.
* * * LOW HITPOINT WARNING * * *
The howler monkey barely misses you. The giant frog hits you!
* * * LOW HITPOINT WARNING * * *
The giant frog hits you!
You die...

#..#.#!.......
#.##....#..>.....
#.# #............
#.####...........
#.#....#.........
#.#.####.........
#.#.# ##........
#.#.#####F####...
##...#..h†@# ..
#..###.##### #..
#..##..# #..
###...[.## ..
#.......## #.
#.#h.....#
#.##........#
#....#....#.#
##...######.#


You could see a giant frog and a howler monkey.

Vanquished Creatures
  A sky beast (D:5)
  A black bear (D:7)
  2 ogres
  2 centaurs
  5 giant frogs
  A scorpion (D:5)
  6 howler monkeys
  3 crimson imps
  4 hounds
  A quasit (D:7)
  A centaur zombie (D:6)
  3 orc priests
  8 orc wizards
  2 iguanas
  Natasha (thrice) (D:3)
  11 worker ants
  A mummy (D:5)
  A worker ant zombie (D:5)
  Robin (D:3)
  A howler monkey skeleton (D:5)
  3 adders
  A shadow imp (D:6)
  2 oozes
  An adder zombie (D:7)
  An adder skeleton (D:7)
  3 worms
  4 giant geckos
  14 orcs
  7 bats
  6 giant cockroaches
  12 goblins
  7 hobgoblins
  7 jackals
  4 kobolds
  A quokka (D:3)
  A ball python (D:3)
  5 giant newts
  7 rats
144 creatures vanquished.

Notes
Turn   | Place    | Note
--------------------------------------------------------------
     0 | D:1      | TheGoonsmith the Tengu Air Elementalist began the quest for the Orb.
     0 | D:1      | Reached XP level 1. HP: 10/10 MP: 4/4
   231 | D:1      | Reached XP level 2. HP: 8/15 MP: 1/6
   674 | D:1      | Reached XP level 3. HP: 19/19 MP: 1/7
   771 | D:2      | Learned a level 3 spell: Static Discharge
  1032 | D:2      | Found an oddly glowing altar of Pakellas.
  1499 | D:3      | Found a sacrificial altar of Ru.
  1522 | D:3      | Found a hide-covered altar of Uskayaw.
  1597 | D:3      | Noticed a dagger
  1598 | D:3      | Noticed a dagger
  1689 | D:3      | Found a bloodstained altar of Trog.
  1756 | D:3      | Noticed Natasha
  1762 | D:3      | Killed Natasha
  1762 | D:3      | Reached XP level 4. HP: 24/24 MP: 0/8
  1834 | D:3      | Noticed Natasha
  1837 | D:3      | Killed Natasha
  1900 | D:3      | Reached skill level 5 in Air Magic
  2114 | D:3      | Noticed Natasha
  2120 | D:3      | Killed Natasha
  2120 | D:3      | Gained mutation: You can fly. [Tengu growth]
  2120 | D:3      | Reached XP level 5. HP: 25/28 MP: 10/10
  2183 | D:3      | Noticed Robin
  2186 | D:3      | Killed Robin
  2186 | D:3      | Reached skill level 5 in Conjurations
  2451 | D:3      | Found a hazy altar of Hepliaklqana.
  2739 | D:4      | Reached XP level 6. HP: 25/32 MP: 11/11
  3492 | D:4      | Reached XP level 7. HP: 33/36 MP: 13/13
  3584 | D:5      | Entered Level 5 of the Dungeon
  3628 | D:5      | Learned a level 5 spell: Lightning Bolt
  3631 | D:5      | Learned a level 2 spell: Repel Missiles
  3634 | D:5      | Learned a level 2 spell: Swiftness
  4140 | D:5      | Reached XP level 8. HP: 22/41 MP: 13/15
  4401 | D:5      | Found a shadowy altar of Dithmenos.
  4431 | D:5      | Gained mutation: You have a pair of small antennae on your head. [potion of beneficial mutation]
  4432 | D:5      | Gained mutation: Your muscles are strong. (Str +2) [potion of beneficial mutation]
  4577 | D:5      | HP: 2/41 [something (6)]
  4812 | D:5      | Found a snail-covered altar of Cheibriados.
  5066 | D:6      | Found Mumpum's Distillery.
  5110 | D:6      | Bought a potion of agility for 56 gold pieces
  5110 | D:6      | Bought a potion of heal wounds for 70 gold pieces
  5110 | D:6      | Bought a potion of heal wounds for 70 gold pieces
  5110 | D:6      | Bought a potion of invisibility for 112 gold pieces
  5978 | D:6      | Found an ancient bone altar of Kikubaaqudgha.
  6100 | D:6      | Found Wyodi's Weapon Emporium.
  6143 | D:6      | Reached skill level 5 in Spellcasting
  6143 | D:6      | Reached XP level 9. HP: 45/45 MP: 17/17
  6170 | D:6      | Reached skill level 10 in Conjurations
  6309 | D:7      | Reached skill level 10 in Air Magic
  6337 | D:7      | Slain by a giant frog

Vault maps used:
D:1:      lordsloth_arrival_two_stooges
D:2:      first_bread, grunt_pakellas_mercury
D:3:      dancing_weapons_uskayaw, marbit_many_paths, bloody_trog,
          overflow_temple_1_default, uniq_natasha, uniq_robin
D:4:      minmay_box_of_dots
D:5:      nicolae_dithmenos_through_a_glass_darkly, slow_altar_2
D:6:      kennysheep_mini_moat, serial_shops, shop, nicolae_shop_stone
D:7:      gammafunk_temple_overflow_pools, overflow_temple_1_default,
          grunt_livestock

Skill      XL: |  1  2  3  4  5  6  7  8  9 |
---------------+----------------------------+-----
Conjurations   | 2 4 5 6 7 9 10 | 10.6
Air Magic      | 5 6 7 9 10 | 10.3
Spellcasting   | 3 4 5 |  5.3
Dodging        | |  2.1
Stealth        | |  2.0

Action                   |  1- 3 |  4- 6 |  7- 9 || total
-------------------------+-------+-------+-------++-------
Melee: Dagger            |     9 |       |       ||     9
       Quarterstaff      |       |     4 |    26 ||    30
       Peck              |       |     2 |     4 ||     6
       Kick              |       |     1 |     3 ||     4
 Cast: Shock             |    86 |    78 |   182 ||   346
       Static Discharge  |       |    14 |    22 ||    36
       Repel Missiles    |       |       |     1 ||     1
       Lightning Bolt    |       |       |     2 ||     2
  Use: Scroll            |       |     7 |     7 ||    14
       Potion            |       |       |     6 ||     6
  Eat: Chunk             |     4 |     7 |    11 ||    22
Armor: Robe              |     3 |     4 |     6 ||    13
Dodge: Dodged            |    15 |    11 |    54 ||    80
       Deflected         |       |       |     4 ||     4
